 Dungeon Crawl Stone Soup version 0.23.2-40-g277498a001 (webtiles) character file.

Game seed: 153070945838190703

98 Curus the Poker (level 4, -5/52 HPs)
             Began as a Merfolk Abyssal Knight on Oct 21, 2019.
             Was a Follower of Lugonu.
             Slain by Crazy Yiuf
             ... wielding a +2 quarterstaff of chaos
              (14 damage)
             ... on level 2 of the Dungeon.
             The game lasted 00:06:40 (2103 turns).

Curus the Poker (Merfolk Abyssal Knight)            Turns: 2103, Time: 00:06:41

Health: -5/52      AC: 22    Str: 11 (12) XL:     4   Next: 69%
Magic:  6/6        EV:  2    Int:  9 (11) God:    Lugonu [*.....]
Gold:   81         SH:  0    Dex: 14      Spells: 3/3 levels left

rFire    . . .     SeeInvis .   a - +1 spear
rCold    . . .     Gourm    .   (no shield)
rNeg     + + +     Faith    .   (armour currently unavailable)
rPois    +         Spirit   .   (helmet currently unavailable)
rElec    .         Reflect  .   (cloak currently unavailable)
rCorr    .         Harm     .   (gloves currently unavailable)
MR       .....     NoTele   +   (boots currently unavailable)
Stlth    ++........             (no amulet)
HPRegen  0.17/turn              g - ring of stealth
MPRegen  0.10/turn              (no ring)

@: lethally poisoned (-5 -> -8), tree-form
A: (change form in water), (swift swim), (stealthy swim)
a: Depart the Abyss, Renounce Religion


You were on level 2 of the Dungeon.
You worshipped Lugonu.
Lugonu was aware of your devotion.
You were hungry.
You were a tree.
You visited 1 branch of the dungeon, and saw 2 of its levels.
You visited the Abyss 1 time.

You collected 81 gold pieces.

Inventory:

Hand Weapons
 a - a +1 spear (weapon)
Armour
 b - a +0 leather armour (melded)
Jewellery
 g - a ring of stealth (left branch)
Scrolls
 f - 3 scrolls of identify
 h - a scroll of remove curse
Potions
 e - 2 potions of ambrosia
Comestibles
 c - 3 rations


   Skills:
 - Level 3.2 Fighting
 + Level 5.3 Polearms
 - Level 0.6 Armour
 - Level 2.6 Dodging
 + Level 3.8 Invocations


You had 3 spell levels left.
You didn't know any spells.
Your spell library was empty.

Dungeon Overview and Level Annotations

Branches:
Dungeon (2/15)

Altars:
Elyvilon
Makhleb
Nemelex Xobeh
Qazlal
Vehumet
Zin

Annotations:
D:2 Crazy Yiuf


Message History

You hit Crazy Yiuf.
Crazy Yiuf is severely wounded.
Crazy Yiuf yells, "Tonal!"
Crazy Yiuf hits you with a +2 quarterstaff of chaos!
You are poisoned.
You hit Crazy Yiuf.
Crazy Yiuf is severely wounded.
You feel sick.
Crazy Yiuf hits you with a +2 quarterstaff of chaos.
* * * LOW HITPOINT WARNING * * *
Crazy Yiuf freezes you.
* * * LOW HITPOINT WARNING * * *
Really quaff the potion of lignification? [Y]es or [N]o only, please.
Really quaff the potion of lignification?
You turn into a tree.
Your +0 leather armour melds into your body.
Your roots penetrate the ground.
Crazy Yiuf hits you but does no damage. Space warps horribly around you!
You die...

###.### #......
#.#.### #.#...#
#..###.
########.## ##
#### ###.#...).##
#
#...##..#.PP)..##
###
#..g♣.####P.....#
#.. #)..###
##P....###.. ####
######.##..
##.... ####. #[
#. #. #.


You could see Crazy Yiuf.

Vanquished Creatures
  Terence (D:2)
  3 adders (D:2)
  An ooze (D:2)
  4 worms (D:2)
  A leopard gecko (D:2)
  4 bats (D:1)
  A giant cockroach (D:1)
  A goblin (D:1)
  6 hobgoblins
  A ball python (D:1)
  4 frilled lizards
  A kobold (D:2)
  5 rats
33 creatures vanquished.

Notes
Turn   | Place    | Note
-------+----------+-------------------------------------------
     0 | Abyss:1  | Curus the Merfolk Abyssal Knight began the quest for the
                  | Orb.
     0 | Abyss:1  | Reached XP level 1. HP: 18/18 MP: 2/2
    64 | Abyss:1  | Found a corrupted altar of Lugonu.
   147 | Abyss:1  | Found a corrupted altar of Lugonu.
   188 | Abyss:1  | Noticed a flying skull
   190 | D:1      | Escaped the Abyss
   448 | D:1      | Reached XP level 2. HP: 20/24 MP: 3/3
   679 | D:1      | Reached * piety under Lugonu
  1065 | D:2      | Found a sparkling altar of Nemelex Xobeh.
  1087 | D:2      | Reached skill level 4 in Polearms
  1087 | D:2      | Reached XP level 3. HP: 27/29 MP: 5/5
  1404 | D:2      | Found a stormy altar of Qazlal.
  1412 | D:2      | Found a radiant altar of Vehumet.
  1468 | D:2      | Found a white marble altar of Elyvilon.
  1547 | D:2      | Found a burning altar of Makhleb.
  1554 | D:2      | Found a glowing silver altar of Zin.
  1554 | D:2      | Noticed an angel
  1554 | D:2      | Noticed a balrug
  1590 | D:2      | Noticed Terence
  1609 | D:2      | Killed Terence
  1609 | D:2      | Reached skill level 5 in Polearms
  1609 | D:2      | Reached XP level 4. HP: 18/35 MP: 6/6
  2091 | D:2      | Found a runed translucent door.
  2092 | D:2      | Noticed Crazy Yiuf
  2103 | D:2      | Slain by Crazy Yiuf

Skill      XL: |  1  2  3 |
---------------+----------+-----
Polearms       | 4 5 |  5.3
Invocations    | 3 |  3.8
Fighting       | |  3.2
Armour         | |  0.6
Dodging        | |  2.6

Action                   |  1- 3 |  4- 6 || total
-------------------------+-------+-------++-------
Melee: Spear             |   104 |    38 ||   142
Invok: Depart the Abyss  |     1 |       ||     1
  Use: Scroll            |     2 |     1 ||     3
       Potion            |     2 |     1 ||     3
 Stab: Sleeping          |     5 |     1 ||     6
  Eat: Chunk             |     2 |     1 ||     3
Armor: Leather armour    |    12 |     1 ||    13
       Skin              |       |     1 ||     1
Dodge: Dodged            |    33 |    13 ||    46
